 Dungeon Crawl Stone Soup version 0.30.0-16-gbe6223bb7e (webtiles) character file.

Game seed: 17371256817429719296

63627 SleepySteel the Warrior (level 14, -4/137 HPs)
             Began as a Minotaur Fighter on May 21, 2023.
             Was the Champion of Okawaru.
             Collided with a yaktaur (11 damage)
             ... caused by a deep elf knight
             ... on level 13 of the Dungeon.
             The game lasted 00:57:13 (21809 turns).

SleepySteel the Warrior (Minotaur Fighter)         Turns: 21809, Time: 00:57:13

Health: -4/137     AC: 31    Str: 23    XL:     14   Next: 68%
Magic:  16/22      EV: 16    Int:  5    God:    Okawaru [******]
Gold:   875        SH:  8    Dex: 19    Spells: 13/13 levels left

rFire   . . .        n - +4 demon whip (flame)
rCold   . . .        c - +0 buckler
rNeg    + . .        N - +4 plate armour
rPois   .            (helmet unavailable)
rElec   .            u - +0 cloak
rCorr   .            d - +2 pair of gloves
SInv    .            w - +3 pair of boots of Umi Zetiptaf {Slay+2}
Will    +....        A - amulet of faith Stlth
                     m - ring "Pourhypn" {Fly rN+ Slay+2}
HPRegen 0.42/turn    X - +6 ring of dexterity
MPRegen 0.18/turn

%: faith
@: heroic, finesse-ful, flying
A: horns 3, retaliatory headbutt
a: Renounce Religion, Heroism, Finesse, Duel


You were on level 13 of the Dungeon.
You worshipped Okawaru.
Okawaru was exalted by your worship.
You visited 3 branches of the dungeon, and saw 19 of its levels.
You also visited: Bailey and Gauntlet.

You collected 1045 gold pieces.
You spent 170 gold pieces at shops.

Inventory:

Hand Weapons
 n - a +4 demon whip of flaming (weapon)
 r - a +4 heavy great mace
 U - the +10 shortbow "Lousmutt" {freeze, rC+}
   (Okawaru gifted it to you on level 2 of the Lair of Beasts)

   rC:        It protects you from cold.
Missiles
 a - 4 silver boomerangs (quivered)
 B - a throwing net
 Q - 9 silver javelins
Armour
 c - a +0 buckler (worn)
 d - a +2 pair of gloves (worn)
 u - a +0 cloak (worn)
 w - the +3 pair of boots of Umi Zetiptaf (worn) {Slay+2}
   (You found it in a Gauntlet)

   Slay:      It affects your accuracy & damage with ranged weapons and melee
   (+2).
 F - the +0 hat of Gallantry {rPois rN++ Will+ Str+3}
   (You acquired it on level 5 of the Dungeon)

   Str:       It affects your strength (+3).
   rPois:     It protects you from poison.
   rN:        It greatly protects you from negative energy.
   Will:      It increases your willpower.
 N - a +4 plate armour (worn)
 V - the +0 scale mail of Watchfulness {Fly rF+ rC+ rN+}
   (Okawaru gifted it to you on level 3 of the Lair of Beasts)

   rF:        It protects you from fire.
   rC:        It protects you from cold.
   rN:        It protects you from negative energy.
   Fly:       It grants you flight.
Jewellery
 h - a ring of resist corrosion
 m - the ring "Pourhypn" (left hand) {Fly rN+ Slay+2}
   (You found it in a Gauntlet)

   [ring of flight]

   Slay:      It affects your accuracy & damage with ranged weapons and melee
   (+2).
   rN:        It protects you from negative energy.
   Fly:       It grants you flight.
 z - an amulet of reflection
 A - an amulet of faith (around neck)
 P - a ring of see invisible
 X - a +6 ring of dexterity (right hand)
Wands
 p - a wand of flame (65)
 D - a wand of acid (17)
 G - a wand of digging (12)
 K - a wand of iceblast (20)
 L - a wand of mindburst (10)
 S - a wand of polymorph (5)
Scrolls
 b - 2 scrolls of enchant weapon
 e - 4 scrolls of noise
 f - 2 scrolls of fear
 g - 5 scrolls of teleportation
 i - 4 scrolls of fog
 k - 3 scrolls of blinking
 l - 2 scrolls of magic mapping
 s - 3 scrolls of immolation
 I - 2 scrolls of poison
 M - 2 scrolls of amnesia
 Z - 5 scrolls of identify
Potions
 j - 6 potions of lignification
 o - 5 potions of flight
 q - 4 potions of resistance
 t - a potion of berserk rage
 v - a potion of magic
 x - 4 potions of might
 C - 2 potions of cancellation
 E - a potion of invisibility
 H - 3 potions of brilliance
 J - 6 potions of haste
 O - 4 potions of curing
 T - 2 potions of heal wounds
 W - a potion of attraction {unknown}
 Y - a potion of ambrosia {unknown}
Miscellaneous
 y - a lightning rod (4/4)
 R - a piece from Xom's chessboard (15/15)


   Skills:
 + Level 16.2(21.2) Fighting
 - Level 12.9(17.9) Maces & Flails
 * Level 11.6(16.6) Armour
 * Level 12.3(17.3) Dodging
 * Level 10.2(15.2) Shields
 - Level 12.0 Invocations


You had 13 spell levels left.
You didn't know any spells.
Your spell library contained the following spells:

 Spells                   Type           Power      Damage    Failure   Level
 Freeze                   Ice            0%         1d3       99%         1
 Sandblast                Erth           0%         2d4       99%         1
 Ensorcelled Hibernation  Hex/Ice        0%         N/A       100%        2
 Passwall                 Tmut/Erth      0%         N/A       100%        2
 Frozen Ramparts          Ice            0%         1d1       100%        3
 Hailstorm                Conj/Ice       0%         3d3       100%        3
 Ozocubu's Armour         Ice            0%         N/A       100%        3
 Stone Arrow              Conj/Erth      0%         3d7       100%        3
 Swiftness                Air            0%         N/A       100%        3
 Volatile Blastmotes      Fire/Tloc      0%         2d10      100%        3
 Anguish                  Hex/Necr       0%         N/A       100%        4
 Cause Fear               Hex            0%         N/A       100%        4
 Fulminant Prism          Conj/Hex       0%         3d5       100%        4
 Iskenderun's Mystic Bla  Conj/Tloc      0%         2d3       100%        4
 Olgreb's Toxic Radiance  Pois           0%         N/A       100%        4
 Passage of Golubria      Tloc           0%         N/A       100%        4
 Borgnjor's Vile Clutch   Necr/Erth      0%         N/A       100%        5
 Lee's Rapid Deconstruct  Erth           0%         3d4*      100%        5
 Metabolic Englaciation   Hex/Ice        0%         N/A       100%        5
 Yara's Violent Unravell  Hex/Tmut       0%         3d3       100%        5
 Enfeeble                 Hex            0%         N/A       100%        7
 Discord                  Hex            0%         N/A       100%        8
 Ignition                 Fire           0%         3d3       100%        8
 Tukima's Dance           Hex            Unusable   N/A       N/A         3
 Animate Dead             Necr           Unusable   N/A       N/A         4
 Death Channel            Necr           Unusable   N/A       N/A         6
 Simulacrum               Ice/Necr       Unusable   N/A       N/A         6

Dungeon Overview and Level Annotations

Branches:
Dungeon (13/15)            Temple (1/1) D:6            Lair (5/5) D:11
  Swamp (0/4) Lair:3        Snake (0/4) Lair:2        Slime (0/5) Lair:5
    Orc (0/2) D:10         Vaults (0/5) D:13         Bailey (visited)
Gauntlet (visited)

Altars:
Ashenzari
Cheibriados
Dithmenos
Elyvilon
Fedhas
Gozag
Hepliaklqana
Kikubaaqudgha
Makhleb
Nemelex Xobeh
Okawaru
Qazlal
Ru
Sif Muna
Trog
Uskayaw
Vehumet
Wu Jian
Xom
Yredelemnul
Zin
The Shining One
Jiyva

Shops:
D:5 ?   D:12 *

Annotations:
D:6 3 runed translucent doors, Pimp's ghost, novice DsVM
D:13 2 runed translucent doors, Saegeus's ghost, adept FoSk
Lair:4 3 runed translucent doors, Twinkles's ghost, journeyman DrDe


Innate Abilities, Weirdness & Mutations

You have a pair of large horns on your head.
You reflexively headbutt those who attack you in melee.


Message History

The deep elf zephyrmancer hits you but does no damage.
You closely miss the deep elf zephyrmancer.
You headbutt the deep elf zephyrmancer, but do no damage.
The deep elf zephyrmancer is heavily wounded.
The yaktaur shoots a bolt.
The bolt misses you.
The bolt hits the deep elf knight!!
You hit the deep elf zephyrmancer but do no damage.
Your headbutt misses the deep elf zephyrmancer.
The deep elf zephyrmancer is heavily wounded.
The human closely misses the human.
The human shouts! x2
You whack the deep elf zephyrmancer! You burn the deep elf zephyrmancer.
Your headbutt misses the deep elf zephyrmancer.
The deep elf zephyrmancer is severely wounded.
You hear a shout!
You thrash the deep elf zephyrmancer!! You burn the deep elf zephyrmancer.
You kill the deep elf zephyrmancer!
Okawaru accepts your kill. The deep elf knight closely misses you.
You furiously retaliate!
You headbutt the deep elf knight. The deep elf knight blocks your attack.
Your headbutt misses the deep elf knight.
The deep elf knight is severely wounded.
The yaktaur shoots a bolt.
The bolt hits you!!
* * * LOW HITPOINT WARNING * * *
The deep elf knight blocks your attack.
Your headbutt misses the deep elf knight.
The deep elf knight is severely wounded.
The deep elf knight blocks your attack.
The deep elf knight is severely wounded.
You hit the deep elf knight. You burn the deep elf knight.
The deep elf knight is severely wounded.
You block the yaktaur's attack.
The deep elf knight casts a spell at you.
The lance of force hits you!!
* * * LOW HITPOINT WARNING * * *
You are knocked back by the lance of force.
You collide with the yaktaur!
The yaktaur is moderately wounded.
You die...

...............### #.#
#.#.####
........}.............#
#.#....#
.<.............#.#..###
#.####.#
..........########..########
#.# ..........# ..
#..#....∩# #.# ..........#
.##..##.#).# #.#
.########### #e#..#.#)#.#
#.# #..##.#c.#)##).# #.#
#.p@c...)))#)# #.#
###c#).#.#########.#
...pp.............#.#
h......)........#...#
#####.#..#.#########.#
.......... #.# .##.#..#.##.
#.# . #.#..#.# #.# c #..##c
#.#


You could see a centaur warrior, a deep elf knight, 2 yaktaurs and 3 humans.

Vanquished Creatures
  Frances (D:13)
  Kirke (D:13)
  2 dire elephants (Lair:5)
  A minotaur (Gauntlet)
  2 vault guards (Bailey)
  A catoblepas (D:11)
  2 hydras
  A boulder beetle (Lair:2)
  A centaur warrior (D:13)
  2 two-headed ogres
  2 death yaks (Lair:5)
  A spectral dire elephant (Lair:5)
  2 skysharks
  A spectral anaconda (Lair:5)
  An obsidian statue (Lair:5)
  An orc knight (D:13)
  4 necromancers (Lair:5)
  An ugly thing (D:12)
  A deep elf zephyrmancer (D:13)
  2 deep elf pyromancers (D:13)
  2 manticores
  A cyclops (D:12)
  12 elephants
  4 black mambas
  An apocalypse crab (Gauntlet)
  11 cane toads
  3 yaktaurs (D:13)
  3 unseen horrors
  A dire elephant skeleton (Lair:5)
  2 rime drakes
  16 komodo dragons
  5 trolls
  2 hornets
  Grinder (D:5)
  3 polar bears
  Prince Ribbit (Bailey)
  18 dream sheep
  8 blink frogs
  14 flying skulls (Gauntlet)
  A shadow (D:12)
  A wraith (D:11)
  5 wyverns
  49 yaks
  A neqoxec (Gauntlet)
  3 chaos spawn (Gauntlet)
  6 humans (Bailey)
  A steam dragon (D:7)
  7 basilisks
  A death yak simulacrum (Lair:5)
  5 vampire mosquitoes
  14 water moccasins
  6 nagas (Lair:2)
  Duvessa (D:5)
  2 black bears
  3 elephant zombies (Lair:5)
  5 orc warriors
  2 ice beasts
  9 centaurs
  11 wolves
  An elephant skeleton (Lair:5)
  2 kobold brigands (D:10)
  17 bullfrogs
  6 scorpions
  10 wights
  Dowan (D:5)
  2 elephant simulacra (Lair:5)
  12 killer bees
  2 howler monkeys
  7 electric eels
  A jelly (D:6)
  3 hounds
  5 orc priests
  2 gnoll boudas
  10 iguanas
  Jessica (D:3)
  2 sleepcaps (D:6)
  Natasha (thrice) (D:3)
  14 orc wizards
  7 hell rats (Lair:5)
  21 gnolls
  4 adders
  A shadow imp (D:6)
  2 white imps
  2 ufetubi (D:4)
  2 worms
  12 dart slugs
  43 orcs
  8 ball pythons
  6 bats
  6 endoplasms
  A giant cockroach (D:2)
  13 goblins
  8 hobgoblins
  9 jackals
  5 quokkas
  4 frilled lizards
  12 kobolds
  6 rats
544 creatures vanquished.

Vanquished Creatures (others)
  Ijyb (D:5)
1 creature vanquished.

Grand Total: 545 creatures vanquished

Notes
Turn   | Place    | Note
-------+----------+-------------------------------------------
     0 | D:1      | SleepySteel the Minotaur Fighter began the quest for the
                  | Orb.
     0 | D:1      | Reached XP level 1. HP: 19/19 MP: 0/0
    77 | D:1      | Reached skill level 4 in Fighting
   145 | D:1      | Reached XP level 2. HP: 27/27 MP: 1/1
   506 | D:1      | Reached skill level 5 in Fighting
   568 | D:1      | Reached XP level 3. HP: 34/36 MP: 2/2
  1416 | D:2      | Reached XP level 4. HP: 44/44 MP: 3/3
  1712 | D:3      | Reached skill level 6 in Fighting
  1978 | D:3      | Noticed Jessica
  1989 | D:3      | Killed Jessica
  1990 | D:3      | Reached skill level 7 in Fighting
  1990 | D:3      | Reached XP level 5. HP: 36/52 MP: 4/4
  2056 | D:3      | Noticed Natasha
  2060 | D:3      | Killed Natasha
  2309 | D:3      | Noticed Natasha
  2314 | D:3      | Killed Natasha
  2387 | D:3      | Noticed Natasha
  2393 | D:3      | Killed Natasha
  2517 | D:4      | Reached skill level 8 in Fighting
  2517 | D:4      | Reached XP level 6. HP: 51/61 MP: 5/5
  3060 | D:4      | Reached skill level 9 in Fighting
  3587 | D:5      | Entered Level 5 of the Dungeon
  3840 | D:5      | Reached XP level 7. HP: 63/70 MP: 6/6
  3902 | D:5      | Noticed a yak
  3903 | D:5      | Noticed a yak
  3907 | D:5      | Noticed a yak
  3909 | D:5      | Noticed a yak
  3912 | D:5      | Noticed a yak
  3915 | D:5      | Killed a yak
  3916 | D:5      | Reached skill level 5 in Maces & Flails
  3926 | D:5      | Killed a yak
  3932 | D:5      | Killed a yak
  3942 | D:5      | Killed a yak
  3943 | D:5      | Reached XP level 8. HP: 42/78 MP: 7/7
  4104 | D:5      | Noticed Ijyb
  4112 | D:5      | Killed Ijyb
  4119 | D:5      | Reached skill level 1 in Dodging
  4266 | D:5      | Identified 2 scrolls of acquirement
  4266 | D:5      | Acquired the +0 hat of Gallantry {rPois rN++ Will+ Str+3}
  4270 | D:5      | Acquired a +2 great mace of draining
  4326 | D:5      | Noticed Duvessa
  4326 | D:5      | Noticed Dowan
  4327 | D:5      | Noticed Grinder
  4337 | D:5      | Killed Duvessa
  4338 | D:5      | Reached skill level 5 in Armour
  4339 | D:5      | Killed Dowan
  4357 | D:5      | Killed Grinder
  4635 | D:5      | Found Kubipyefro's Magic Scroll Boutique.
  4643 | D:5      | Bought a scroll of enchant armour for 82 gold pieces
  4643 | D:5      | Bought a scroll of fear for 44 gold pieces
  4643 | D:5      | Bought a scroll of poison for 44 gold pieces
  4883 | D:6      | Reached XP level 9. HP: 83/83 MP: 8/8
  4979 | D:6      | Noticed a troll
  4984 | D:6      | Noticed a two-headed ogre
  4986 | D:6      | Noticed Pimp's ghost (novice DsVM)
  5030 | D:6      | Found a runed translucent gate.
  5030 | D:6      | Found a runed translucent gate.
  5030 | D:6      | Found a runed translucent gate.
  5047 | D:6      | Reached skill level 10 in Maces & Flails
  5120 | D:6      | Found a staircase to the Ecumenical Temple.
  5129 | D:6      | Reached skill level 5 in Dodging
  5173 | D:6      | HP: 3/83 [electric eel/bolt of electricity (13)]
  5659 | Temple   | Entered the Ecumenical Temple
  6087 | Temple   | Became a worshipper of Warmaster Okawaru
  6340 | D:7      | HP: 4/83 [gnoll/+0 halberd[a gnoll bouda] (4)]
  7969 | D:8      | Reached * piety under Okawaru
  8171 | D:8      | Reached XP level 10. HP: 63/91 MP: 9/9
  8589 | D:9      | Found a flagged portal.
  8603 | Bailey   | Entered a bailey
  8860 | Bailey   | Reached ** piety under Okawaru
  9012 | Bailey   | Noticed Prince Ribbit
  9012 | Bailey   | Noticed a vault guard
  9024 | Bailey   | Killed a vault guard
  9024 | Bailey   | Reached *** piety under Okawaru
  9032 | Bailey   | Killed Prince Ribbit
  9231 | Bailey   | Noticed a vault guard
  9237 | Bailey   | Killed a vault guard
  9283 | D:9      | Acquired a +4 demon whip of draining
  9506 | D:9      | Reached skill level 5 in Invocations
  9597 | D:9      | Reached **** piety under Okawaru
  9627 | D:9      | Reached XP level 11. HP: 67/97 MP: 14/14
  9738 | D:9      | Noticed a two-headed ogre
  9745 | D:9      | Killed a two-headed ogre
 10238 | D:10     | Entered Level 10 of the Dungeon
 10467 | D:10     | Paralysed by a hornet for 1 turns
 10474 | D:10     | Reached ***** piety under Okawaru
 11023 | D:10     | Found a staircase to the Orcish Mines.
 11187 | D:10     | Found a stormy altar of Qazlal.
 11651 | D:10     | Received a gift from Okawaru
 11814 | D:11     | Noticed a two-headed ogre
 11817 | D:11     | Reached skill level 10 in Fighting
 11831 | D:11     | Killed a two-headed ogre
 11843 | D:11     | Reached skill level 11 in Fighting
 11853 | D:11     | Found a staircase to the Lair.
 11955 | D:11     | Found an opulent altar of Gozag.
 12009 | D:11     | Received a gift from Okawaru
 12019 | D:11     | Reached skill level 12 in Fighting
 12033 | D:11     | Noticed a catoblepas
 12260 | D:11     | Reached ****** piety under Okawaru
 12778 | D:11     | Killed a catoblepas
 12779 | D:11     | Reached XP level 12. HP: 39/113 MP: 17/17
 12977 | Lair:1   | Entered Level 1 of the Lair of Beasts
 13006 | Lair:1   | Noticed a six-headed hydra
 13014 | Lair:1   | Reached skill level 13 in Fighting
 13019 | Lair:1   | Killed a six-headed hydra
 13381 | Lair:1   | Reached skill level 14 in Fighting
 13461 | Lair:1   | You fall into a shaft and drop 1 floor!
 13479 | Lair:2   | Noticed a boulder beetle
 13497 | Lair:2   | Killed a boulder beetle
 13661 | Lair:2   | Found a staircase to the Snake Pit.
 13678 | Lair:2   | Identified the +10 shortbow "Lousmutt" {freeze, rC+}
                  | (Okawaru gifted it to you on level 2 of the Lair of Beasts)
 13678 | Lair:2   | Received a gift from Okawaru
 14053 | Lair:2   | Reached skill level 15 in Fighting
 14198 | Lair:2   | Noticed a six-headed hydra
 14206 | Lair:2   | Killed a six-headed hydra
 14216 | Lair:2   | Reached skill level 10 in Invocations
 14694 | Lair:3   | Received a gift from Okawaru
 15067 | Lair:3   | Reached XP level 13. HP: 126/126 MP: 20/20
 15079 | Lair:3   | Identified the +0 scale mail of Watchfulness {Fly rF+ rC+
                  | rN+} (Okawaru gifted it to you on level 3 of the Lair of
                  | Beasts)
 15079 | Lair:3   | Received a gift from Okawaru
 15276 | Lair:3   | Found a staircase to the Swamp.
 15980 | Lair:4   | Reached skill level 5 in Shields
 16207 | Lair:4   | Gained mutation: Your body sometimes deteriorates upon
                  | taking damage. [potion of mutation]
 16207 | Lair:4   | Gained mutation: Potions are less effective at restoring
                  | your health. [potion of mutation]
 16207 | Lair:4   | Gained mutation: You possess an exceptional clarity of
                  | mind. [potion of mutation]
 16208 | Lair:4   | Lost mutation: Your body sometimes deteriorates upon taking
                  | damage. [potion of mutation]
 16208 | Lair:4   | Lost mutation: You possess an exceptional clarity of mind.
                  | [potion of mutation]
 16208 | Lair:4   | Gained mutation: You are robust. (+10% HP) [potion of
                  | mutation]
 16208 | Lair:4   | Gained mutation: You occasionally lose the ability to read
                  | scrolls when taking damage. [potion of mutation]
 16208 | Lair:4   | Gained mutation: Your natural rate of healing is unusually
                  | fast. [potion of mutation]
 16352 | Lair:4   | Found a runed translucent gate.
 16352 | Lair:4   | Found a runed translucent gate.
 16352 | Lair:4   | Found a runed translucent gate.
 16354 | Lair:4   | Lost mutation: Potions are less effective at restoring your
                  | health. [potion of mutation]
 16354 | Lair:4   | Lost mutation: You are robust. (+10% HP) [potion of
                  | mutation]
 16354 | Lair:4   | Gained mutation: You are partially covered in iridescent
                  | scales. (AC +2) [potion of mutation]
 16355 | Lair:4   | Lost mutation: Your natural rate of healing is unusually
                  | fast. [potion of mutation]
 16355 | Lair:4   | Lost mutation: You occasionally lose the ability to read
                  | scrolls when taking damage. [potion of mutation]
 16355 | Lair:4   | Lost mutation: You are partially covered in iridescent
                  | scales. (AC +2) [potion of mutation]
 16355 | Lair:4   | Gained mutation: You have a pair of large horns on your
                  | head. [potion of mutation]
 16381 | Lair:4   | Noticed Twinkles's ghost (journeyman DrDe)
 16390 | Lair:4   | Reached skill level 10 in Dodging
 16413 | Lair:4   | Identified the +2 ring mail "Fotuguga" {Regen+} (Okawaru
                  | gifted it to you on level 4 of the Lair of Beasts)
 16413 | Lair:4   | Received a gift from Okawaru
 16928 | Lair:5   | Entered Level 5 of the Lair of Beasts
 17326 | Lair:5   | Found a viscous altar of Jiyva.
 17326 | Lair:5   | Found a staircase to the Slime Pits.
 18225 | Lair:5   | Noticed a dire elephant
 18225 | Lair:5   | Noticed a dire elephant
 18227 | Lair:5   | Identified the +2 robe of Abstinence {MP-9 SInv Stlth+}
 18232 | Lair:5   | Received a gift from Okawaru
 18393 | Lair:5   | Reached skill level 10 in Armour
 18393 | Lair:5   | Reached XP level 14. HP: 129/136 MP: 22/22
 18719 | Lair:5   | Identified the +0 robe of Depression {Will+ Str-4 Int+6
                  | Archmagi} (Okawaru gifted it to you on level 5 of the Lair
                  | of Beasts)
 18719 | Lair:5   | Received a gift from Okawaru
 19853 | D:12     | Found Reoz's Changing Room.
 20039 | D:12     | Found a gate leading to a gauntlet.
 20046 | Gauntlet | Entered a Gauntlet
 20046 | Gauntlet | Found a transporter.
 20046 | Gauntlet | Found a transporter.
 20050 | Gauntlet | Found a transporter.
 20050 | Gauntlet | Found a transporter.
 20059 | Gauntlet | Found a transporter.
 20074 | Gauntlet | Found a transporter.
 20082 | Gauntlet | Found a transporter.
 20082 | Gauntlet | Found a transporter.
 20106 | Gauntlet | Found a transporter.
 20113 | Gauntlet | Found a transporter.
 20125 | Gauntlet | Found a transporter.
 20176 | Gauntlet | Found a transporter.
 20190 | Gauntlet | Found a transporter.
 20279 | Gauntlet | Found a transporter.
 20290 | Gauntlet | Found a transporter.
 20304 | Gauntlet | Found a transporter.
 20532 | Gauntlet | Identified the +3 pair of boots of Umi Zetiptaf {Slay+2}
 20733 | Gauntlet | Reached skill level 16 in Fighting
 20737 | Gauntlet | Identified the ring "Pourhypn" {Fly rN+ Slay+2}
 20804 | Gauntlet | Identified the +9 glaive "Ipeoj" {venom, Str+4}
 21022 | Gauntlet | Identified the staff of fire "Udwiujiw" {rF+ rC- Will+++
                  | Dex+3}
 21249 | D:12     | Identified the +2 spear of Viosah {venom, rPois}
 21585 | D:13     | Found a large runed translucent door.
 21585 | D:13     | Found a large runed translucent door.
 21587 | D:13     | Noticed Saegeus's ghost (adept FoSk)
 21588 | D:13     | Noticed Frances
 21600 | D:13     | Killed Frances
 21600 | D:13     | Identified the +1 eveningstar of Propriety {heavy, Dex+4}
                  | (Okawaru gifted it to you on level 13 of the Dungeon)
 21600 | D:13     | Received a gift from Okawaru
 21765 | D:13     | Found a gate to the Vaults.
 21774 | D:13     | Reached skill level 10 in Shields
 21786 | D:13     | Noticed Kirke
 21800 | D:13     | Killed Kirke
 21809 | D:13     | Collided with a yaktaur

Illustrated notes

Levels and vault maps discovered:
D:1:      spicycebolla_arrival_xxxplode, layout_basic,
          roderic_nine_men_s_morris, minmay_pentomino_s2
D:2:      layout_basic
D:3:      layout_loops_ring, hangedman_decor_growths, kennysheep_jessica_study,
          uniq_natasha
D:4:      layout_loops_ring
D:5:      layout_loops_ring, serial_shops, shop_fountains, uniq_duvessa,
          uniq_ijyb, uniq_grinder
D:6:      kennysheep_slugbush, layout_cave_pools, minmay_temple_entry_glass,
          gammafunk_ghost_split, st_stairs_9, nicolae_figureground_pulse
D:7:      layout_basic, lightli_minifort
D:8:      layout_rooms
D:9:      layout_grid_maze, lightli_bailey_entry_fortress
D:10:     layout_basic, mainiacjoe_overflow_tiny_flanked, orc_0_dummy,
          kennysheep_dice
D:11:     layout_loops_ring, minmay_lair_entry_grove, grunt_gozag_statues
D:12:     layout_cross, gauntlet_entry_generic, nicolae_transmutations_shop
D:13:     layout_loops_ring, hangedman_vaults_entry_quadrant_bands,
          ebering_ghost_disaster_area, uniq_sonja, uniq_kirke, uniq_frances
Temple:   mainiacjoe_temple_trianglar_array
Lair:1:   beast_lair_carwin_large_4, layout_regular_city,
          infiniplex_staircase_pool_2
Lair:2:   layout_cave_shapes, minmay_snake_entry_guardpost_large,
          beast_lair_carwin_7
Lair:3:   layout_regular_city, swamp_mist_pool
Lair:4:   layout_long_grid, gammafunk_ghost_icy, dreamdust_mushroom_princess,
          dreamdust_deal_with_the_devil
Lair:5:   due_jungle_book, layout_layer_cave, slime_entry_1,
          nicolae_quartered_pool_little, grunt_megastairs_4,
          infiniplex_staircase_pool

Skill      XL: |  1  2  3  4  5  6  7  8  9 10 11 12 13 14 |
---------------+-------------------------------------------+-----
Fighting       | 4 5 7 8 9 12 15 16 | 16.2
Maces & Flails | 4 8 9 11 12 | 12.9
Armour         | 6 7 10 11 | 11.6
Dodging        | 3 7 9 11 12 | 12.3
Invocations    | 5 9 11 12 | 12.0
Shields        | 8 10 | 10.2

Action                     |  1- 3 |  4- 6 |  7- 9 | 10-12 | 13-15 || total
---------------------------+-------+-------+-------+-------+-------++-------
  Melee: Flail             |   106 |   128 |    61 |       |       ||   295
         Headbutt          |    12 |    26 |    24 |   123 |   186 ||   371
         Great mace        |       |       |   135 |    61 |     4 ||   200
         Demon whip        |       |       |       |   489 |   662 ||  1151
  Throw: Throwing net      |       |       |       |     1 |       ||     1
 Invoke: Heroism           |       |       |       |     1 |     2 ||     3
         Finesse           |       |       |       |       |     1 ||     1
    Use: Scroll            |       |     6 |    10 |    16 |     2 ||    34
         Potion            |       |     1 |     5 |     4 |     5 ||    15
   Stab: Invisible         |       |       |     1 |       |       ||     1
         Held in net/web   |       |       |       |     1 |       ||     1
 Armour: Scale mail        |    33 |    54 |    69 |    18 |       ||   174
         Plate armour      |       |       |       |   233 |   281 ||   514
  Dodge: Dodged            |    65 |    55 |   160 |   234 |   239 ||   753
  Block: Buckler           |    17 |    26 |    13 |    87 |   141 ||   284
         Other             |       |       |    19 |       |       ||    19
         Reflection        |       |       |     5 |       |       ||     5
